Map: 锈化山巅-天梯版

Players

小坚强 (Dragon)

  • Race: Terran Terran
  • League: Master

TIME (Oliveira) - Winner!

  • Race: Terran Terran

Event: DreamHack SC2 Masters 2021 Summer

VOD

Have the link to the VOD?

Description

Time

  • Played on: May 26, 2021, 7:25 a.m.
  • Length: 6:10

All games in this series

Show
View Real Time Build Order
Export as new Build Order

小坚强 Terran 

Build Orders:  

Get SALT Encoding   

  12  0:00  SCV  
  13  0:12  SCV  
  14  0:17  Supply Depot  
  14  0:24  SCV  
  15  0:39  SCV  
  15  0:40  Barracks  
  16  0:44  Refinery  
  16  0:55  Barracks  
  16  1:10  Barracks  
  16  1:17  Supply Depot  
  16  1:26  Refinery  
  16  1:30  Reaper  
  17  1:45  Reaper  
  18  1:55  Orbital Command  
  18  1:59  Reaper  
  19  2:06  Reaper  
  20  2:17  Reaper  
  21  2:23  SCV  
  22  2:30  Supply Depot  
  22  2:31  Reaper  
  23  2:37  SCV  
  23  2:38  Reaper  
  25  2:49  Reaper  
  26  2:51  SCV  
  27  3:04  Reaper  
  28  3:10  Reaper  
  29  3:21  Reaper  
  29  3:36  Reaper  
  30  3:42  Reaper  
  24  3:53  Reaper  
  22  4:07  SCV  
  22  4:08  Reaper  
  22  4:14  Reaper  
  23  4:19  SCV  
  24  4:25  Reaper  
  25  4:31  SCV  
  26  4:40  Reaper  
  26  4:43  SCV  
  28  4:47  Reaper  
  29  4:56  SCV  
  29  4:57  Reaper  
  29  5:08  SCV  
  29  5:12  Reaper  
  25  5:19  Reaper  
  25  5:20  SCV  
  22  5:27  Factory  
  22  5:32  Barracks Tech Lab, SCV  
  23  5:44  Barracks Reactor, SCV  
  24  5:56  SCV  
Show
View Real Time Build Order
Export as new Build Order

TIME Terran - Winner!

Build Orders:  

Get SALT Encoding   

  12  0:00  SCV  
  13  0:13  SCV  
  14  0:17  Supply Depot  
  14  0:25  SCV  
  15  0:38  SCV  
  15  0:41  Barracks  
  16  0:44  Refinery  
  16  0:51  SCV  
  16  0:53  Refinery  
  17  1:03  SCV  
  18  1:15  SCV  
  19  1:28  Reaper, Orbital Command  
  19  1:29  Supply Depot  
  20  1:42  Factory  
  20  1:54  SCV  
  21  2:00  Reaper  
  22  2:06  SCV  
  23  2:18  SCV  
  24  2:23  Command Center  
  24  2:28  Hellion  
  26  2:30  SCV  
  26  2:33  Barracks Reactor  
  27  2:41  Starport  
  27  2:43  SCV  
  28  2:50  Widow Mine  
  30  2:55  SCV  
  31  3:01  Supply Depot  
  31  3:12  Factory Tech Lab  
  31  3:22  Marine x2, Medivac  
  31  3:23  SCV  
  34  3:31  Siege Tank  
  36  3:40  Marine x2  
  30  3:58  Marine  
  30  4:00  Marine  
  28  4:03  Siege Tank  
  28  4:15  SCV  
  28  4:16  Marine  
  30  4:17  Starport Tech Lab  
  30  4:18  Marine  
  31  4:28  SCV  
  32  4:33  Orbital Command  
  32  4:40  SCV  
  32  4:42  Marine  
  34  4:47  Marine  
  35  4:52  Raven  
  35  4:59  Marine  
  37  5:05  Marine  
  33  5:16  SCV  
  33  5:19  Marine  
  33  5:22  SCV  
  33  5:28  SCV  
  35  5:34  SCV  
  36  5:37  Siege Tank  
  36  5:40  SCV  
  40  5:43  Marine  
  40  5:46  SCV  
  40  5:47  Marine  
  43  5:52  SCV  
Tags
 
Add a new tag
Caveats
  • Supply blocks, unpowered buildings, or Contaminate may cause inaccurate times.
  • Supply counts are checked every 10 seconds.